 Dungeon Crawl Stone Soup version 0.30-a0-1112-gfb780f5df6 (webtiles) character file.

Game seed: 13985253722768542552

119 cforsyth the Covered (level 4, -4/55 HPs)
             Began as a Demigod Wanderer on Apr 20, 2023.
             Killed by divine providence
             ... invoked by an orc priest
              (17 damage)
             ... on level 3 of the Dungeon.
             The game lasted 00:04:10 (2085 turns).

cforsyth the Covered (Demigod Wanderer)             Turns: 2085, Time: 00:04:11

Health: -4/55      AC: 22    Str: 16    XL:     4   Next: 47%
Magic:  8/8        EV:  2    Int: 14    God:
Gold:   115        SH:  0    Dex: 14    Spells: 1/5 levels left

rFire   . . .      SeeInvis .    m - +8 whip of the Absolute Madman {freeze, rC+ rN+}
rCold   + + .      Faith    .    (no shield)
rNeg    + . .      Spirit   .    d - melded +2 leather armour
rPois   +          Reflect  .    (helmet currently unavailable)
rElec   .          Rampage  .    (cloak currently unavailable)
rCorr   .          NoTele   +    (gloves currently unavailable)
Will    .....                    (boots currently unavailable)
Stlth   +                        (no amulet)
HPRegen 0.29/turn                n - ring of protection from cold
MPRegen 0.11/turn                (no ring)

@: confused, tree-form, ambrosia-drunk
A: stationary, stasis, torment immunity, boosted hp, high MP 1, forlorn, divine
attributes
a: no special abilities


You were on level 3 of the Dungeon.
You were a tree.
You visited 1 branch of the dungeon, and saw 3 of its levels.

You collected 115 gold pieces.

Inventory:

Hand Weapons
 a - a +0 dagger
 m - the +8 whip of the Absolute Madman (weapon) {freeze, rC+ rN+}
   (You found it on level 2 of the Dungeon)

   rC:        It protects you from cold.
   rN:        It protects you from negative energy.
Armour
 d - a +2 leather armour (melded)
Jewellery
 n - a ring of protection from cold (left branch)
Scrolls
 b - 2 scrolls of vulnerability
 c - a scroll of fog
 h - a scroll of blinking {unknown}
 i - a scroll of enchant armour {unknown}
 j - 2 scrolls of identify {unknown}
Potions
 e - a potion of mutation {unknown}
 f - a potion of heal wounds {unknown}
 g - a potion of lignification
 k - a potion of flight
 o - a potion of degeneration {unknown}


   Skills:
 + Level 2.5 Fighting
 + Level 0.7 Maces & Flails
 + Level 2.8 Armour
 - Level 2.7 Dodging
 - Level 1.8 Stealth
 - Level 1.0 Spellcasting
 - Level 2.7 Summonings


You had one spell level left.
You knew the following spells:

 Your Spells              Type           Power      Damage    Failure   Level
a - Summon Small Mammal   Summ           32%        N/A       9%          1
b - Call Canine Familiar  Summ           8%         N/A       26%         3

Your spell library contained the following spells:

 Spells                   Type           Power      Damage    Failure   Level


Dungeon Overview and Level Annotations

Branches:
Dungeon (3/15)

Shops:
D:1 [   D:3 ?


Innate Abilities, Weirdness & Mutations

You are a tree.
Your roots penetrate the ground, keeping you stationary.
You cannot be teleported.
You are immune to unholy pain and torment.
Your maximum health is greatly increased.
Your equipment is partially melded.
You have an increased reservoir of magic. (+10% MP)
You shall have no god before yourself.
Your divine heritage dramatically boosts your attributes as you level up.


Message History

The orc hits you but does no damage. The orc priest barely misses you.
The orc wizard barely misses you. The orc hits you with a +0 club.
* * * LOW HITPOINT WARNING * * *
The orc priest hits you with a +0 hand axe.
* * * LOW HITPOINT WARNING * * *
Unknown command.
You hit the orc priest but do no damage.
The orc priest is almost dead.
The orc wizard closely misses you. The orc hits you but does no damage.
The orc priest hits you but does no damage.
Unknown command.
Unknown command.
You barely miss the orc priest.
The orc priest is almost dead.
The orc wizard hits you but does no damage.
The orc priest hits you with a +0 hand axe.
* * * LOW HITPOINT WARNING * * *
The orc hits you but does no damage.
Unknown command.
Unknown command.
Okay, then.
It was a potion of lignification.
You turn into a tree.
Your +2 leather armour melds into your body.
Your roots penetrate the ground.
The orc wizard hits you but does no damage.
The orc hits you but does no damage.
The orc priest hits you but does no damage.
It was a potion of flight.
Your roots keep you in place.
The orc wizard barely misses you.
The orc priest hits you but does no damage.
The orc hits you but does no damage.
It was a potion of ambrosia.
You are confused.
You feel invigorated. The orc wizard casts a spell at you.
The magic dart hits you but does no damage.
The orc hits you but does no damage.
The orc priest invokes the aid of Beogh against you.
Beogh smites you!
You die...

[##.....⌠.#...#..###.............
.##...#####...#..................
.##.....8.....#.######...........
.##8.........8#.######........)..
.##############.....##.#.........
.# #...##...................##...
.###...##.##....###.##.####.##...
.......##......o....).[## #.##...
.......##......o♣........#######.
≈≈≈≈≈≈.>.......o###.####.# #
.....≈.........o(...... ..
≈≈≈≈.≈.......#....###...
...≈.≈.#####.#....# .... ._...≈.#
#......# ... ...≈.≈.# ##.....#
... ≈≈≈≈§§§# #.....# .....≈.#
#.....#


You could see an orc priest, an orc wizard and 2 orcs.

Vanquished Creatures
  An orc priest (D:3)
  4 adders (D:2)
  A worm (D:3)
  A dart slug (D:2)
  A ball python (D:1)
  2 bats
  3 endoplasms
  3 giant cockroaches
  6 goblins
  4 hobgoblins
  6 kobolds
  2 frilled lizards (D:1)
  A rat (D:3)
35 creatures vanquished.

Vanquished Creatures (collateral kills)
  2 dart slugs (D:1)
  An orc (D:2)
  A bat (D:1)
  A kobold (D:1)
  A quokka (D:1)
  2 frilled lizards (D:2)
  A goblin (D:2)
  A rat (D:2)
10 creatures vanquished.

Vanquished Creatures (others)
  8 plants (D:2)
8 creatures vanquished.

Grand Total: 53 creatures vanquished

Notes
Turn   | Place    | Note
-------+----------+-------------------------------------------
     0 | D:1      | cforsyth the Demigod Wanderer began the quest for the Orb.
     0 | D:1      | cforsyth set off with the following items: a +0 dagger, a
                  | scroll of vulnerability, a scroll of fog, a +2 leather
                  | armour; and the following spell memorised: Summon Small
                  | Mammal; and the following spells available to memorise:
                  | Call Canine Familiar.
     0 | D:1      | Reached XP level 1. HP: 14/14 MP: 4/4
   130 | D:1      | Reached XP level 2. HP: 22/22 MP: 5/5
   239 | D:1      | Reached skill level 1 in Fighting
   537 | D:1      | Found Etura's Antique Armour Shop.
   918 | D:2      | Reached XP level 3. HP: 27/28 MP: 5/7
   922 | D:2      | Learned a level 3 spell: Call Canine Familiar
  1781 | D:2      | Reached XP level 4. HP: 36/36 MP: 5/8
  1856 | D:2      | Identified the +8 whip of the Absolute Madman {freeze, rC+
                  | rN+}
  2037 | D:3      | Found The Oracle's Delphic Readings.
  2085 | D:3      | Killed from afar by an orc priest

Illustrated notes

Levels and vault maps discovered:
D:1:      wander_arrival_desolate, layout_basic, serial_shops,
          nicolae_shop_real_fake_doors, minivault_25, minmay_misc_feat_columns
D:2:      layout_loops_ring, serial_forest, infiniplex_forest_clump_double,
          infiniplex_forest_lined_room_3, infiniplex_forest_straight_3,
          infiniplex_forest_clump_medium, infiniplex_forest_fountain,
          infiniplex_forest_diagonal, infiniplex_forest_straight_4,
          infiniplex_forest_lined_1, infiniplex_forest_clump_diagonal,
          basic_altar
D:3:      layout_basic, mainiacjoe_overflow_concentric_impassable,
          general_overflow_altar, serial_bayou_lagoon_a,
          nicolae_nh_oracle_at_delphi

Skill      XL: |  1  2  3 |
---------------+----------+-----
Fighting       | 1 2 |  2.5
Armour         | 2 |  2.8
Maces & Flails | |  0.7
Dodging        | |  2.7
Stealth        | |  1.8
Spellcasting   | |  1.0
Summonings     | |  2.7

Action                     |  1- 3 |  4- 6 || total
---------------------------+-------+-------++-------
  Melee: Dagger            |   178 |       ||   178
         Punch             |     1 |     1 ||     2
         Whip              |       |    22 ||    22
   Cast: Summon Small Mamm |    41 |     2 ||    43
    Use: Potion            |       |     3 ||     3
   Stab: Sleeping          |     1 |     2 ||     3
         Distracted        |     1 |       ||     1
 Armour: Leather armour    |    57 |    13 ||    70
         Skin              |       |     7 ||     7
  Dodge: Dodged            |    92 |    13 ||   105

Table legend: (Time is in decaauts)
 A = Elapsed time spent in this place.
 B = Non-inter-level travel time spent in this place.
 C = Inter-level travel time spent in this place.
 D = Time resting spent in this place.
 E = Time spent auto-exploring this place.
 F = Levels seen in this place.
 G = Mean time per level.
                   A        B        C        D        E       F      G
               +--------+--------+--------+--------+--------+-----+--------+
         Total |   2085 |   2022 |     63 |      0 |   1608 |   3 |  695.0 |
       Dungeon |   2085 |   2022 |     63 |      0 |   1608 |   3 |  695.0 |
               +--------+--------+--------+--------+--------+-----+--------+

Top non-repeatable levels by time:
     D:2: 1038 daAuts
     D:1: 906 daAuts
     D:3: 140 daAuts
